 Dungeon Crawl Stone Soup version 0.30-a0-760-g5a9884bb7c (webtiles) character file.

Game seed: 1740110823648440140

15 cforsyth the Gusty (level 2, -2/12 (15) HPs)
             Began as a Tengu Air Elementalist on Feb 10, 2023.
             Slain by Jessica
             ... wielding a +2 dagger of draining
              (3 damage)
             ... on level 2 of the Dungeon.
             The game lasted 00:01:37 (1240 turns).

cforsyth the Gusty (Tengu Air Elementalist)         Turns: 1240, Time: 00:01:38

HP:   -2/12 (15)    AC:  2    Str:  8    XL:     2   Next: 50%
MP:   0/6           EV: 12    Int: 15    God:
Gold: 65            SH:  0    Dex: 14    Spells: 2/5 levels left

rFire   . . .      SeeInvis .    (no weapon)
rCold   . . .      Faith    .    (no shield)
rNeg    . . .      Spirit   .    a - +0 robe
rPois   +          Reflect  .    (helmet restricted)
rElec   .          Harm     .    (no cloak)
rCorr   .          Rampage  .    (no gloves)
Will    .....                    (boots unavailable)
Stlth   ++                       (no amulet)
HPRegen 0.22/turn                c - ring of poison resistance
MPRegen 0.10/turn                (no ring)

@: heavily drained
A: beak, talons 3
a: no special abilities


You were on level 2 of the Dungeon.
You visited 1 branch of the dungeon, and saw 2 of its levels.

You collected 65 gold pieces.

Inventory:

Armour
 a - a +0 robe (worn)
Jewellery
 c - a ring of poison resistance (left hand)
 f - an amulet of guardian spirit
 h - a +6 ring of strength
Scrolls
 d - a scroll of brand weapon {unknown}
 e - 2 scrolls of teleportation {unknown}
Potions
 b - a potion of magic
 g - 2 potions of attraction {unknown}


   Skills:
 - Level 2.1 Dodging
 - Level 2.0 Stealth
 + Level 2.3 Spellcasting
 + Level 2.1 Conjurations
 + Level 4.4 Air Magic


You had 2 spell levels left.
You knew the following spells:

 Your Spells              Type           Power      Damage    Failure   Level
a - Shock                 Conj/Air       44%        1d5       5%          1
b - Static Discharge      Conj/Air       22%        2-3/arc   9%          2

Your spell library contained the following spells:

 Spells                   Type           Power      Damage    Failure   Level
 Swiftness                Air            14%        N/A       11%         3
 Airstrike                Air            7%         2d(1-17)  34%         4


Dungeon Overview and Level Annotations

Branches:
Dungeon (2/15)

Altars:

Shops:
D:1 (*

Annotations:
D:2 Jessica


Innate Abilities, Weirdness & Mutations

You have a beak for a mouth.
You have claws for feet.


Message History

You can't see any susceptible monsters within range! (Use Z to cast anyway.)
The zap hits Jessica.
Jessica is heavily wounded.
The zap hits Jessica.
Jessica is severely wounded.
The zap hits Jessica.
Jessica is almost dead.
You miscast Shock.
Nothing appears to happen.
Jessica gestures wildly while chanting.
Jessica blinks!
You are out of magic!
You see here 4 poisoned darts.
The zap hits Jessica but does no damage.
Jessica is almost dead.
Jessica gestures wildly while chanting.
Jessica seems to speed up.
Unknown command.
A goblin comes into view. It is wielding a +0 club.
Your magical contamination has completely faded away.
Jessica mumbles some strange words.
Jessica blinks!
A goblin is nearby!
Jessica is nearby!
That beam is likely to hit you.
Continue anyway?
The zap misses Jessica. x2; The zap misses you.
Jessica hits you with a +2 dagger of draining.
You feel drained. Jessica closely misses you.
Unknown command.
Unknown command.
You barely miss Jessica. Your kick misses Jessica.
Jessica is almost dead.
Jessica hits you with a +2 dagger of draining.
You feel drained.
Unknown command.
You hit Jessica but do no damage. Your kick misses Jessica.
Jessica is almost dead.
Jessica hits you with a +2 dagger of draining.
* * * LOW HITPOINT WARNING * * *
You feel drained.
You die...

#.#.# #.#.# # ###
##.#.# @ .>. ..#.#
#.#.# #<.#
#.#.#####..#####
......g..<....#
.####.######ยง###@#
........@..(.# #@#
#####.##########.#
)................#
#####.############
#.# #.# #.# #.# #.#


You could see Jessica (fast).

Vanquished Creatures
  3 bats (D:1)
  A goblin (D:1)
  3 hobgoblins (D:1)
  A quokka (D:1)
  2 frilled lizards (D:1)
  A kobold (D:1)
  4 rats (D:1)
15 creatures vanquished.

Notes
Turn   | Place    | Note
-------+----------+-------------------------------------------
     0 | D:1      | cforsyth the Tengu Air Elementalist began the quest for the
                  | Orb.
     0 | D:1      | Reached XP level 1. HP: 10/10 MP: 4/4
   612 | D:1      | Reached XP level 2. HP: 15/15 MP: 4/6
   615 | D:1      | Learned a level 2 spell: Static Discharge
   857 | D:1      | Found Poimaor's Antique Weapon Boutique.
   896 | D:1      | Found Buciyx's General Store.
  1214 | D:2      | Noticed Jessica
  1240 | D:2      | Slain by Jessica

Illustrated notes

Levels and vault maps discovered:
D:1:      heliophobic_arrival_ceremonial_halls, layout_loops_corners,
          serial_shops, shop, nicolae_diamond_shop, st_stairs_7,
          hangedman_abyss_or_decor_stabs
D:2:      minmay_recursive_quarters, layout_basic, serial_shops,
          nicolae_shop_statue_plus, shop, uniq_jessica

Skill      XL: |  1  2 |
---------------+-------+-----
Conjurations   | 2 |  2.1
Dodging        | |  2.1
Stealth        | |  2.0
Spellcasting   | |  2.3
Air Magic      | |  4.4

Action                     || total
---------------------------++-------
  Melee: Unarmed           ||     2
   Cast: Shock             ||    37
  Dodge: Dodged            ||     5

Table legend: (Time is in decaauts)
 A = Elapsed time spent in this place.
 B = Non-inter-level travel time spent in this place.
 C = Inter-level travel time spent in this place.
 D = Time resting spent in this place.
 E = Time spent auto-exploring this place.
 F = Levels seen in this place.
 G = Mean time per level.
                   A        B        C        D        E       F      G
               +--------+--------+--------+--------+--------+-----+--------+
         Total |   1239 |   1195 |     44 |      0 |   1093 |   2 |  619.5 |
       Dungeon |   1239 |   1195 |     44 |      0 |   1093 |   2 |  619.5 |
               +--------+--------+--------+--------+--------+-----+--------+

Top non-repeatable levels by time:
     D:1: 1189 daAuts
     D:2: 49 daAuts
